 Dungeon Crawl Stone Soup version 0.28-a0-793-g31680bbd8b (webtiles) character file.

Game seed: 7819330476093504044

148 spiderkeys the Ducker (level 5, -13/25 HPs)
             Began as a Felid Abyssal Knight on Nov 5, 2021.
             Was a Follower of Lugonu.
             Collided with a crystal wall (16 damage)
             ... caused by a wretched star
             ... on level 4 of the Abyss.
             The game lasted 00:01:45 (248 turns).

spiderkeys the Ducker (Felid Abyssal Knight)         Turns: 248, Time: 00:01:45

Health: -13/25     AC:  2    Str:  9    XL:     5   Next: 8%
Magic:  9/9        EV: 19    Int: 12    God:    Lugonu [*.....]
Gold:   0          SH:  0    Dex: 18    Spells: 8/8 levels left
                                        Lives:  0   Deaths: 1

rFire   . . .      SeeInvis +     - Unarmed
rCold   . . .      Faith    .   (shield unavailable)
rNeg    . . .      Spirit   .   (armour unavailable)
rPois   .          Reflect  .   (helmet unavailable)
rElec   .          Harm     .   (cloak unavailable)
rCorr   .          Rampage  .   (gloves unavailable)
Will    .....                   (boots unavailable)
Stlth   +++.......              (no amulet)
HPRegen 0.08/turn               (no ring)
MPRegen 0.11/turn               (no ring)

@: quick
A: very small, claws 1, fangs 3, see invisible, speed 1, shaggy fur 2, stealthy
paws, no weapons or thrown items, no armour, multi-lived
a: Renounce Religion, Depart the Abyss


You were on level 4 of the Abyss.
You worshipped Lugonu.
Lugonu was aware of your devotion.
You visited 0 branches of the dungeon, and saw 0 of its levels.
You visited the Abyss 1 time.


Innate Abilities, Weirdness & Mutations

You have sharp claws.
You have razor-sharp teeth.
You have supernaturally acute eyesight. (SInv)
You cover ground quickly. (Speed+)
You are covered in thick fur. (AC +2)
Your paws help you pounce on unaware monsters.
You are incapable of wielding weapons or throwing items.
You cannot wear armour.
You gain extra lives every three experience levels.


   Skills:
 + Level 4.0 Fighting
 + Level 4.7 Dodging
 + Level 3.7 Stealth
 + Level 3.3 Unarmed Combat
 + Level 2.1 Spellcasting
 - Level 1.7 Invocations


You had 8 spell levels left.
You didn't know any spells.
Your spell library contained the following spells:

 Spells                   Type           Power      Damage    Failure   Level
 Apportation              Tloc           2%         N/A       26%         1
 Alistair's Intoxication  Tmut/Pois      0%         N/A       100%        5
 Invisibility             Hex            0%         N/A       100%        6

Inventory:

Potions
 a - a potion of resistance {unknown}
 b - a potion of degeneration {unknown}
 c - a potion of attraction {unknown}

Dungeon Overview and Level Annotations

Branches:
Dungeon (0/15)

Altars:

....# .#.......###
...#...#.#.#....#..
......#.##.......#
#..........##.
#..##..........# ..
. #.#..#.....##
...# #......#..##
.. #.##..#....#....
# #.@###.#..#.#..
#.§# ##.....#..#
....* ...... #
....... ......
##.≈≈≈#. ..#.##
..≈≈≈≈ .. ##.#≈≈≈
#. #.≈≈≈♣ ..


You could see a wretched star.


Message History

A starcursed mass splits. 😎 MP[+1]
Your large abomination hits the chaos spawn!!
The chaos spawn dies!
The chaos spawn degenerates into a cloud of primal chaos!
Your thrashing horror closely misses the spriggan defender zombie.
Your thrashing horror misses the spriggan defender zombie.
A starcursed mass splits.
Your starcursed mass closely misses the spriggan defender zombie.
The spriggan defender zombie barely misses you.
The spriggan defender zombie writhes in pain as voices assail its mind.
Your Fighting skill increases to level 4!
Your Spellcasting skill increases to level 2!
You have reached level 6!
Your experience leads to an increase in your attributes!
Increase (S)trength, (I)ntelligence, or (D)exterity?
You feel agile.
Your fur grows into a thick mane. 😎 HP[+3]
You now have 28 max hp (+3).
Your hp is fully restored (28).
You swap places.
The substance of the Abyss twists violently, and a gateway leading out appears!
Your thrashing horror closely misses the spriggan defender zombie.
Your thrashing horror tramples the spriggan defender zombie.
The spriggan defender zombie stumbles backwards!
Your thrashing horror tramples the spriggan defender zombie.
The spriggan defender zombie holds its ground!
Your thrashing horror misses the spriggan defender zombie.
Your large abomination hits your thrashing horror!!
The spriggan defender zombie hits your thrashing horror but does no damage.
There is a gateway leading out of the Abyss here.
What are your orders? t - Meow!
Orders for allies: a - Attack new target. r - Retreat! s - Stop attacking. g - Guard the area. f - Follow me.
Anything else - Cancel.
Gang up on whom?
Press: ? - help, Dir - move target, f - spriggan defender zombie
Aim: a spriggan defender zombie (lightly damaged, ally target) Attack!
Your thrashing horror barely misses the spriggan defender zombie.
Your thrashing horror tramples the spriggan defender zombie!
The spriggan defender zombie holds its ground!
Your thrashing horror churns violently!
Your thrashing horror seems to grow stronger.
Your thrashing horror tramples the spriggan defender zombie!
The spriggan defender zombie holds its ground!
Your thrashing horror tramples the spriggan defender zombie.
The spriggan defender zombie holds its ground!
Your starcursed mass touches the spriggan defender zombie!
The spriggan defender zombie hits your starcursed mass but does no damage.
Your starcursed mass touches the spriggan defender zombie!
Your thrashing horror barely misses the spriggan defender zombie.
Your thrashing horror closely misses the spriggan defender zombie.
Your thrashing horror tramples the spriggan defender zombie!
The spriggan defender zombie holds its ground!
Your thrashing horror tramples the spriggan defender zombie.
The spriggan defender zombie holds its ground!
Your starcursed mass touches the spriggan defender zombie!
Your starcursed mass completely misses the spriggan defender zombie.
Your large abomination hits you!!!
Ouch! That really hurt!
You die...
A smoke demon comes into view.
Your thrashing horror closely misses the spriggan defender zombie.
Your thrashing horror tramples the spriggan defender zombie.
The spriggan defender zombie holds its ground!
Your starcursed mass touches the spriggan defender zombie.
The spriggan defender zombie hits your thrashing horror.
Your thrashing horror misses the spriggan defender zombie.
Your thrashing horror tramples the spriggan defender zombie.
The spriggan defender zombie stumbles backwards!
You are now level 5!
You rejoin the land of the living...
You are suddenly pulled into a different region of the Abyss! 😎 HP[-3] MP[+5]
You now have 25 max hp (-3).
Your mp is fully restored (9).
Found a runed whip.
You aren't carrying any scrolls.
Found a gateway leading deeper into the Abyss.
There is a gateway leading deeper into the Abyss here.
You plunge deeper into the Abyss.
The abyssal rune of Zot can be found at this depth.
Found a gateway leading deeper into the Abyss.
a - a fuming black potion
There is a gateway leading deeper into the Abyss here.
There is a gateway leading deeper into the Abyss here.
You plunge deeper into the Abyss.
The abyssal rune of Zot can be found at this depth.
A starcursed mass splits.
A wretched star comes into view.
The wretched star glows turbulently.
The lance of force hits you!!
Ouch! That really hurt!
* * * LOW HITPOINT WARNING * * *
You are knocked back by the lance of force.
You slam into the crystal wall!
Ouch! That really hurt!
You die...

Skill      XL: |  1  2  3  4  5 |
---------------+----------------+-----
Dodging        | 4 |  4.7
Stealth        | 3 |  3.7
Unarmed Combat | 3 |  3.3
Spellcasting   | 1 2 |  2.1
Fighting       | 4 |  4.0
Invocations    | |  1.7

Action                   |  1- 3 |  4- 6 || total
-------------------------+-------+-------++-------
  Use: Scroll            |     2 |       ||     2
Dodge: Dodged            |     1 |     1 ||     2

Levels and vault maps discovered:
Abyss:4:  base: Temple, grunt_abyss_rune_forest_and_sorcery

Notes
Turn   | Place    | Note
-------+----------+-------------------------------------------
     0 | Abyss:1  | spiderkeys the Felid Abyssal Knight began the quest for the
                  | Orb.
     0 | Abyss:1  | Reached XP level 1. HP: 10/10 MP: 3/3
     0 | Abyss:1  | magus.rc [v1.9.10]
   122 | Abyss:2  | You pick up a book of Party Tricks and begin reading...
   122 | Abyss:2  | You add the spells Apportation, Alistair's Intoxication and
                  | Invisibility to your library.
   130 | Abyss:2  | Found a corrupted altar of Lugonu.
   161 | Abyss:2  | Noticed a small abomination
   166 | Abyss:2  | Killed a small abomination
   167 | Abyss:2  | Reached skill level 4 in Dodging
   167 | Abyss:2  | Reached skill level 3 in Stealth
   167 | Abyss:2  | Reached skill level 3 in Unarmed Combat
   167 | Abyss:2  | Reached skill level 1 in Spellcasting
   167 | Abyss:2  | Reached XP level 2. HP: 15/15 MP: 3/5
   167 | Abyss:2  | Reached XP level 3. HP: 18/18 MP: 3/6
   167 | Abyss:2  | Reached XP level 4. HP: 22/22 MP: 3/7
   167 | Abyss:2  | Reached XP level 5. HP: 25/25 MP: 3/8
   168 | Abyss:2  | Noticed a chaos spawn
   178 | Abyss:2  | Killed a chaos spawn
   179 | Abyss:2  | Reached skill level 4 in Fighting
   179 | Abyss:2  | Reached skill level 2 in Spellcasting
   179 | Abyss:2  | Gained mutation: You are covered in thick fur. (AC +2)
                  | [Felid growth]
   179 | Abyss:2  | Reached XP level 6. HP: 28/28 MP: 4/10
   181 | Abyss:2  | Mangled by a large abomination
   181 | Abyss:2  | Noticed a smoke demon
   182 | Abyss:2  | Reached XP level 5. HP: -10/25 MP: 4/9
   240 | Abyss:4  | Noticed a starcursed mass
   248 | Abyss:4  | Noticed a wretched star
   248 | Abyss:4  | HP: 3/25 [wretched star/lance of force (22)]
   248 | Abyss:4  | Collided with a crystal wall

Vanquished Creatures (collateral kills)
  A small abomination (Abyss:2)
  A chaos spawn (Abyss:2)
2 creatures vanquished.

Table legend:
 A = Non-vault XP
 B = Vault XP
 C = Vault XP percentage of total XP
 D = Non-vault monster count
 E = Vault monster count
 F = Vault count percentage of total count
                 A         B        C        D         E       F
            +---------+---------+-------+---------+---------+-------
      Total |     412 |       0 |   0.0 |       2 |       0 |   0.0
            +---------+---------+-------+---------+---------+-------
    Abyss:2 |     412 |       0 |   0.0 |       2 |       0 |   0.0
            +---------+---------+-------+---------+---------+-------

Illustrated notes

Table legend:
 A = Kills in this place as a percentage of kills in entire the game.
 B = Kills by you in this place as a percentage of kills by you in the entire game.
 C = Kills by friends in this place as a percentage of kills by friends in the entire game.
 D = Other kills in this place as a percentage of other kills in the entire game.
 E = Experience gained in this place as a percentage of experience gained in the entire game.
 F = Experience gained in this place divided by the number of levels of this place that you have seen.
                   A       B       C       D       E      F
               +-------+-------+-------+-------+-------+----------------------
         Total | 100.0 |   N/A | 100.0 |   N/A | 100.0 | 103.0
         Abyss | 100.0 |   N/A | 100.0 |   N/A | 100.0 | 103.0
               +-------+-------+-------+-------+-------+----------------------

Table legend: (Time is in decaauts)
 A = Elapsed time spent in this place.
 B = Non-inter-level travel time spent in this place.
 C = Inter-level travel time spent in this place.
 D = Time resting spent in this place.
 E = Time spent auto-exploring this place.
 F = Levels seen in this place.
 G = Mean time per level.
                   A        B        C        D        E       F      G
               +--------+--------+--------+--------+--------+-----+--------+
         Total |    202 |    202 |      0 |      0 |     75 |   4 |   50.5 |
         Abyss |    202 |    202 |      0 |      0 |     75 |   4 |   50.5 |
               +--------+--------+--------+--------+--------+-----+--------+

Top non-repeatable levels by time:
 Abyss:2: 88 daAuts
 Abyss:1: 83 daAuts
 Abyss:3: 17 daAuts
 Abyss:4: 12 daAuts
